 Dungeon Crawl Stone Soup version 0.29.1-15-g9cfb28693d (webtiles) character file.

Game seed: 1772520409803707430

65 Descartes the Scratcher (level 3, 0/16 HPs)
             Began as a Felid Transmuter on Mar 2, 2023.
             Slain by an orc wizard
             ... wielding a +0 dagger
              (3 damage)
             ... on level 3 of the Dungeon.
             The game lasted 00:04:40 (2293 turns).

Descartes the Scratcher (Felid Transmuter)          Turns: 2293, Time: 00:04:40

Health: 0/16       AC:  1    Str:  8    XL:     3   Next: 94%
Magic:  5/7        EV: 18    Int: 14    God:
Gold:   96         SH:  0    Dex: 16    Spells: 5/6 levels left
                                        Lives:  0   Deaths: 0

rFire   . . .      SeeInvis +     - Unarmed
rCold   . . .      Faith    .   (shield unavailable)
rNeg    . . .      Spirit   .   (body armour unavailable)
rPois   .          Reflect  .   (helmet unavailable)
rElec   .          Harm     .   (cloak unavailable)
rCorr   .          Rampage  .   (gloves unavailable)
Will    .....      Rage     3%  (boots unavailable)
Stlth   ++........              (no amulet)
HPRegen 0.05/turn               (no ring)
MPRegen 0.10/turn               (no ring)

@: brilliant, appendages (expiring), very slightly contaminated, hasted,
invisible, very quick
A: horns 2, very small, claws 1, fangs 3, see invisible, speed 1, shaggy fur 1,
stealthy paws, no weapons or thrown items, no armour, multi-lived, berserk 1
a: End Transformation


You were on level 3 of the Dungeon.
You had temporarily grown beastly horns.
You visited 1 branch of the dungeon, and saw 3 of its levels.

You collected 96 gold pieces.

Inventory:

Wands
 o - a wand of roots (10)
Scrolls
 c - 8 scrolls of identify {unknown}
 d - 2 scrolls of teleportation {unknown}
 g - a scroll of blinking {unknown}
 k - 3 scrolls of silence {unknown}
 l - a scroll of enchant armour {unknown}
 m - a scroll of summoning {unknown}
 n - a scroll of amnesia {unknown}
Potions
 a - 2 potions of lignification
 b - a potion of mutation
 e - a potion of brilliance
 f - a potion of attraction {unknown}
 h - a potion of invisibility
 j - a potion of heal wounds {unknown}


   Skills:
 + Level 1.6 Fighting
 + Level 3.2 Dodging
 + Level 2.0 Stealth
 + Level 3.3 Unarmed Combat
 + Level 2.3 Spellcasting
 + Level 2.8 Transmutations


You had 5 spell levels left.
You knew the following spells:

 Your Spells              Type           Power      Damage    Failure   Level
a - Beastly Appendage     Tmut           28%        N/A       7%          1

Your spell library contained the following spells:

 Spells                   Type           Power      Damage    Failure   Level
 Wereblood                Tmut           14%        N/A       11%         2
 Apportation              Tloc           4%         N/A       22%         1
 Necrotise                Necr           8%         1d4       22%         1
 Summon Small Mammal      Summ           8%         N/A       22%         1
 Spider Form              Tmut/Pois      8%         N/A       36%         3
 Tukima's Dance           Hex            2%         N/A       56%         3
 Ice Form                 Ice/Tmut       8%         N/A       77%         4
 Blade Hands              Tmut           7%         N/A       89%         5
 Portal Projectile        Hex/Tloc       Unusable   N/A       N/A         3

Dungeon Overview and Level Annotations

Branches:
Dungeon (3/15)

Altars:

Shops:
D:1 :   D:2 !


Innate Abilities, Weirdness & Mutations

You have temporarily grown beastly horns.
You have sharp claws.
You have razor-sharp teeth.
You have supernaturally acute eyesight. (SInv)
You cover ground quickly. (Speed+)
You are covered in fur. (AC +1)
Your paws help you pounce on unaware monsters.
You are incapable of wielding weapons or throwing items.
You cannot wear armour.
You gain extra lives every three experience levels.
You sometimes lose your temper in combat.


Message History

Your horns disappear.
Done exploring.
Done exploring.
There is a stone staircase leading down here.
You climb downwards.
There is a stone staircase leading up here.
o - a wand of roots (10)
Found a stone staircase leading up.
There is a stone staircase leading up here.
Found an escape hatch in the ceiling.
Found a long sword.
There is an escape hatch in the ceiling here.
Found a stone staircase leading down.
You open the door.
A rat, an orc, an orc wizard and an orc priest come into view.
Casting: Beastly Appendage (safe; 7% risk of failure)
Confirm with . or Enter, or press ? or * to list all spells.
You miscast Beastly Appendage.
You are very lightly contaminated with residual magic.
Nothing appears to happen.
Casting: Beastly Appendage (safe; 7% risk of failure)
Confirm with . or Enter, or press ? or * to list all spells.
You grow a pair of large bovine horns.
Your transformation is almost over.
The orc priest calls down the wrath of Beogh upon you.
Beogh smites you!
Ouch! That really hurt!
* * * LOW HITPOINT WARNING * * *
The orc shouts!
The orc wizard shouts!
It was a potion of invisibility.
You fade into invisibility!
An orc priest comes into view. It is wielding a +0 hand axe.
It was a potion of mutation.
You feel extremely strange.
You feel a little pissed off.
It was a potion of brilliance.
You feel clever all of a sudden.
Unknown command.
It was a potion of haste.
You feel yourself speed up.
The orc wizard hits you with a +0 dagger.
You die...

#.......#
#.......#
#.......#
...o... #.##
..or. ...#
.o. #..# #o#
######..# #@#
#...##..# #.#
#...##..#
#.###...##..#
#...#.......#
##..#.####..#
##..#.# #.##
#.....# #.#
#.#+### #.#
##.....####.#


You could see 2 orc priests, an orc wizard (unable to see you), an orc (unable
to see you) and a rat (wandering, unable to see you).

Vanquished Creatures
  2 adders (D:2)
  4 endoplasms
  A giant cockroach (D:2)
  4 goblins
  6 hobgoblins
  4 jackals (D:1)
  A quokka (D:1)
  9 ball pythons
  4 bats
  4 frilled lizards (D:1)
  3 kobolds
  3 rats (D:1)
45 creatures vanquished.

Notes
Turn   | Place    | Note
-------+----------+-------------------------------------------
     0 | D:1      | Descartes the Felid Transmuter began the quest for the Orb.
     0 | D:1      | Reached XP level 1. HP: 9/9 MP: 4/4
   280 | D:1      | Reached skill level 1 in Stealth
   280 | D:1      | Reached XP level 2. HP: 7/12 MP: 4/6
   543 | D:1      | Found Uptuahaj's Book Emporium.
   870 | D:1      | Reached XP level 3. HP: 15/15 MP: 5/7
  1407 | D:2      | Found Atreung's Distillery.
  1940 | D:2      | Found a faded altar of an unknown god.
  2291 | D:3      | Gained mutation: You sometimes lose your temper in combat.
                  | [potion of mutation]
  2293 | D:3      | Slain by an orc wizard

Illustrated notes

Levels and vault maps discovered:
D:1:      amcnicky_arrival_choice, layout_loops_ring, serial_shops, shop_statue
D:2:      layout_loops_corners, shapermc_ecumenical_altar_notcrosses,
          serial_glass, glass_columns_a, glass_columns_a, serial_shops, shop
D:3:      layout_basic

Skill      XL: |  1  2  3 |
---------------+----------+-----
Stealth        | 1 2 |  2.0
Dodging        | 3 |  3.2
Fighting       | |  1.6
Unarmed Combat | |  3.3
Spellcasting   | |  2.3
Transmutations | |  2.8

Action                   || total
-------------------------++-------
Melee: Unarmed           ||    97
       Headbutt          ||    12
       Bite              ||     6
       Punch             ||     2
 Cast: Beastly Appendage ||    31
  Use: Potion            ||     4
 Stab: Sleeping          ||     1
Armor: Skin              ||     5
Dodge: Dodged            ||    79
